 Dungeon Crawl Stone Soup version 0.28.0-45-g0d030f2227 (webtiles) character file.

Game seed: 14018366267043651584

176 Fartwhistle the Changer (level 5, -7/39 (44) HPs)
             Began as a Naga Transmuter on May 18, 2022.
             Mangled by Edmund
             ... wielding a +2 dire flail of draining
              (14 damage)
             ... on level 4 of the Dungeon.
             The game lasted 00:09:17 (5048 turns).

Fartwhistle the Changer (Naga Transmuter)           Turns: 5048, Time: 00:09:18

HP:   -7/39 (44)    AC:  3    Str: 12    XL:     5   Next: 56%
MP:   6/8           EV: 10    Int: 15    God:
Gold: 100           SH:  0    Dex: 12    Spells: 4/8 levels left

rFire   . . .      SeeInvis +     - Unarmed
rCold   . . .      Faith    .   (no shield)
rNeg    . . .      Spirit   .   a - +0 robe
rPois   +          Reflect  .   i - +0 helmet
rElec   .          Harm     .   (no cloak)
rCorr   .          Rampage  .   (no gloves)
Will    .....                   (no barding)
Stlth   +.........              (no amulet)
HPRegen 0.13/turn               (no ring)
MPRegen 0.11/turn               (no ring)

@: heavily drained, very slow
A: AC +1, large, see invisible, deformed body, poison resistance, slowness 2,
spit poison 1, naga tail 1
a: Spit Poison


You were on level 4 of the Dungeon.
You visited 1 branch of the dungeon, and saw 4 of its levels.

You collected 100 gold pieces.

Inventory:

Missiles
 c - 2 throwing nets
Armour
 a - a +0 robe (worn)
 h - a +0 crystal plate armour
 i - a +0 helmet (worn)
Jewellery
 d - a ring of fire
Wands
 f - a wand of flame (3)
Scrolls
 b - a scroll of amnesia {unknown}
 g - a scroll of enchant weapon {unknown}
 j - a scroll of fear {unknown}
 k - a scroll of identify {unknown}
 l - a scroll of teleportation {unknown}
Potions
 e - 2 potions of curing {unknown}


   Skills:
 - Level 1.0 Fighting
 - Level 1.5 Dodging
 - Level 3.0 Unarmed Combat
 - Level 2.0 Spellcasting
 + Level 5.6 Transmutations
 + Level 0.0 Poison Magic


You had 4 spell levels left.
You knew the following spells:

 Your Spells              Type           Power      Damage    Failure   Level
a - Beastly Appendage     Tmut           36%        N/A       2%          1
b - Spider Form           Tmut/Pois      9%         N/A       22%         3

Your spell library contained the following spells:

 Spells                   Type           Power      Damage    Failure   Level
 Wereblood                Tmut           18%        N/A       3%          2
 Passwall                 Tmut/Erth      7%         N/A       11%         2
 Sandblast                Erth           2%         2d4       22%         1
 Stone Arrow              Conj/Erth      2%         3d7       54%         3
 Ice Form                 Ice/Tmut       9%         N/A       56%         4


Dungeon Overview and Level Annotations

Branches:
Dungeon (4/15)
 Temple: D:4-7

Altars:

Annotations:
D:2 Sigmund
D:3 3 runed translucent doors, gabibbone's ghost, amateur OpWz
D:4 Edmund


Innate Abilities, Weirdness & Mutations

Your serpentine skin is tough. (AC +1)
You have supernaturally acute eyesight. (SInv)
Armour fits poorly on your strangely shaped body.
Your system is resistant to poisons. (rPois)
You cover ground very slowly.
You can spit poison.
You have a snake-like lower body.


Message History

The splash of poison hits Edmund.
Edmund is lightly wounded.
Casting: Spider Form (quite dangerous; 22% risk of failure)
Confirm with . or Enter, or press ? or * to list all spells.
The spell is quite dangerous to miscast (22% risk of failure)!
Continue anyway?
You turn into a venomous arachnid creature.
Your +0 helmet melds into your body.
Your +0 robe melds into your body.
You hit Edmund but do no damage.
Edmund is lightly wounded.
Edmund hits you with a +2 dire flail of draining.
You feel drained.
You hit Edmund.
Edmund is poisoned.
Edmund is moderately wounded.
Edmund closely misses you.
You hit Edmund.
Edmund is moderately wounded.
Your transformation is almost over.
Edmund hits you with a +2 dire flail of draining!
You feel drained.
You hit Edmund.
Edmund is moderately wounded.
You have got your breath back.
Edmund completely misses you.
You hit Edmund.
Edmund is heavily wounded.
Edmund closely misses you.
Unknown command.
You barely miss Edmund.
Edmund is heavily wounded.
You hit Edmund.
Edmund looks as sick as possible!
Edmund is severely wounded.
Edmund says, "People accused me of being a cutpurse!"
Edmund hits you with a +2 dire flail of draining!
* * * LOW HITPOINT WARNING * * *
You feel drained.
* * * LOW HITPOINT WARNING * * *
Your transformation has ended.
Your +0 helmet unmelds from your body.
Your +0 robe unmelds from your body.
Edmund hits you with a +2 dire flail of draining!
You die...

#..... ###.#.#. #.....#.
#.#.###. #.#..... #####
#####.######
##+##.####...####.....#
###...#......#@.....#####
#..<......##.@.######
....†.[......######
..##.........#
#..$$..)..# #.........#
#.........# #.........#
#.........#


You could see Edmund (extremely poisoned).

Vanquished Creatures
  An orc priest (D:3)
  Robin (D:2)
  3 adders
  An adder skeleton (D:4)
  2 worms (D:3)
  3 dart slugs
  12 orcs
  4 endoplasms
  3 giant cockroaches
  12 goblins
  13 hobgoblins
  A quokka (D:2)
  4 ball pythons
  5 bats
  A frilled lizard (D:1)
  5 kobolds
  6 rats
77 creatures vanquished.

Notes
Turn   | Place    | Note
-------+----------+-------------------------------------------
     0 | D:1      | Fartwhistle the Naga Transmuter began the quest for the
                  | Orb.
     0 | D:1      | Reached XP level 1. HP: 18/18 MP: 3/3
   213 | D:1      | Reached XP level 2. HP: 10/25 MP: 3/5
   646 | D:1      | Reached skill level 3 in Transmutations
  1095 | D:1      | Reached XP level 3. HP: 28/31 MP: 6/6
  1552 | D:1      | Found a faded altar of an unknown god.
  1591 | D:2      | Noticed Robin
  1654 | D:2      | Learned a level 3 spell: Spider Form
  2422 | D:1      | Reached skill level 4 in Transmutations
  2604 | D:2      | Killed Robin
  2605 | D:2      | Reached XP level 4. HP: 22/38 MP: 4/7
  3099 | D:2      | Noticed Sigmund
  4149 | D:3      | Reached skill level 5 in Transmutations
  4151 | D:3      | Reached XP level 5. HP: 35/44 MP: 5/8
  4510 | D:3      | Found a runed translucent gate.
  4510 | D:3      | Found a runed translucent gate.
  4517 | D:3      | Noticed gabibbone's ghost (amateur OpWz)
  4520 | D:3      | Found a runed translucent gate.
  4920 | D:4      | Noticed Edmund
  5048 | D:4      | Mangled by Edmund

Illustrated notes

Levels and vault maps discovered:
D:1:      dpeg_arrival_three_smaller_balls, layout_loops_ring,
          shapermc_ecumenical_altar_mp_highgroup, minmay_pentomino_z2
D:2:      layout_basic, uniq_robin, uniq_sigmund
D:3:      layout_loops_ring, gammafunk_ghost_split
D:4:      layout_loops_cross, serial_shops, shop, sigmund_army, uniq_pikel,
          uniq_edmund

Skill      XL: |  1  2  3  4 |
---------------+-------------+-----
Transmutations | 3 4 5 |  5.6
Fighting       | |  1.0
Dodging        | |  1.5
Unarmed Combat | |  3.0
Spellcasting   | |  2.0

Action                   |  1- 3 |  4- 6 || total
-------------------------+-------+-------++-------
Melee: Unarmed           |   107 |   123 ||   230
       Headbutt          |     8 |       ||     8
       Punch             |       |     3 ||     3
 Cast: Beastly Appendage |     8 |     1 ||     9
       Spider Form       |     5 |     9 ||    14
 Abil: Spit Poison       |    21 |     9 ||    30
Evoke: Wand              |       |     4 ||     4
  Use: Potion            |     1 |       ||     1
 Stab: Sleeping          |     1 |     3 ||     4
Armor: Robe              |    10 |    14 ||    24
       Skin              |     7 |     1 ||     8
Dodge: Dodged            |    71 |    65 ||   136
